 Dungeon Crawl Stone Soup version 0.21-a0-426-g98080a9 (webtiles) character file.

1516 KristoblXynda the Carver (level 8, -1/60 (63) HPs)
             Began as a Purple Draconian Fighter on Nov 8, 2017.
             Was an Initiate of Cheibriados.
             Slain by a shadow (23 damage)
             ... on level 7 of the Dungeon.
             The game lasted 00:11:09 (5983 turns).

KristoblXynda the Carver (Purple Draconian Fighter) Turns: 5983, Time: 00:11:09

HP:   -1/60 (63)    AC: 11    Str: 21    XL:     8   Next: 53%
MP:   0/9           EV: 11    Int: 10    God:    Cheibriados [......]
Gold: 429           SH: 10    Dex: 12    Spells: 7/7 levels left

rFire    . . .     SeeInvis .   a - +2 long sword
rCold    . . .     Gourm    .   b - +0 shield
rNeg     . . .     Faith    .   (armour unavailable)
rPois    .         Spirit   +   (helmet restricted)
rElec    .         Reflect  .   (no cloak)
rCorr    .         Harm     .   h - +2 pair of gloves
MR       +....                  x - +1 pair of boots
Stlth    +.........             k - amulet of guardian spirit
HPRegen  0.20/turn              (no ring)
MPRegen  0.11/turn              y - ring of flight

@: very slow
A: breathe power, unfitting armour, cold-blooded, AC +6
a: Breathe Dispelling Energy, Bend Time, Renounce Religion, Evoke Flight


You were on level 7 of the Dungeon.
You worshipped Cheibriados.
Cheibriados was noncommittal.
You were hungry.

You visited 2 branches of the dungeon, and saw 8 of its levels.

You collected 429 gold pieces.

Inventory:

Hand Weapons
 a - a +2 long sword (weapon)
Missiles
 t - 6 javelins
 B - a throwing net (quivered)
Armour
 b - a +0 shield (worn)
 h - a +2 pair of gloves (worn)
 x - a +1 pair of boots (worn)
Jewellery
 k - an amulet of guardian spirit (around neck)
 y - a ring of flight (right hand)
Wands
 l - a wand of paralysis (17/24)
 u - a wand of confusion (31/48)
Scrolls
 e - 5 scrolls of remove curse
 i - a scroll of fog
 j - a scroll of fear
 q - a scroll of teleportation
Potions
 c - 2 potions of might
 f - a potion of agility
 m - a potion of curing
 p - a potion of flight
 r - 2 potions of magic
 s - a potion of heal wounds {unknown}
 v - a potion of brilliance {unknown}
 z - a potion of invisibility
 A - a potion of mutation
Comestibles
 d - 7 bread rations
 g - 3 meat rations
 n - 4 fruits
 o - a royal jelly


   Skills:
 - Level 3.2 Fighting
 + Level 8.7 Long Blades
 - Level 2.6 Dodging
 + Level 6.8 Shields
 + Level 2.3 Invocations


You had 7 spell levels left.
You didn't know any spells.

Dungeon Overview and Level Annotations

Branches:
Dungeon (7/15)             Temple (1/1) D:6

Altars:
Ashenzari
Cheibriados
Dithmenos
Elyvilon
Fedhas
Hepliaklqana
Kikubaaqudgha
Makhleb
Nemelex Xobeh
Okawaru
Qazlal
Ru
Sif Muna
Trog
Uskayaw
Vehumet
Wu Jian
Xom
Yredelemnul
Zin
The Shining One

Shops:
D:4 *


Innate Abilities, Weirdness & Mutations

You can breathe bolts of dispelling energy.
Your rich purple scales are hard. (AC +6)
You cannot fit into any form of body armour.
You are cold-blooded and may be slowed by cold attacks.


Message History

The shadow slips into darkness.
The shadow flickers and vanishes!
Deactivating autopickup; reactivate with Ctrl-A.
The shadow strikes at you from the darkness!
Reactivating autopickup.
The shadow barely misses you.
You closely miss the shadow.
The shadow slips into darkness.
The shadow flickers and vanishes!
Deactivating autopickup; reactivate with Ctrl-A.
You hit something but do no damage.
The shadow strikes at you from the darkness!
Reactivating autopickup.
You barely miss the shadow.
The shadow slips into darkness.
The shadow flickers and vanishes!
Deactivating autopickup; reactivate with Ctrl-A.
You miss something.
Your tail-slap misses something.
The shadow strikes at you from the darkness!
You die...

######.##
##...##
##.....##
#.......#
##.......#
#.........#
##.........#
#.......####
#.@..####
#.{..#
#...## #...#
....# #...##
#...# #...#


There were no monsters in sight!

Vanquished Creatures
  The ghost of anet the Ducker, a novice MfWn of Ashenzari (D:6)
  A black bear (D:6)
  A necrophage (D:5)
  2 ogres
  2 scorpions
  A crimson imp (D:5)
  2 bullfrog zombies (D:5)
  2 jellies
  2 orc priests
  2 orc wizards (D:5)
  An iguana (D:6)
  2 worker ants
  A howler monkey zombie (D:3)
  8 adders
  3 shadow imps
  An adder skeleton (D:6)
  2 worms
  A dart slug (D:5)
  2 leopard geckos
  17 orcs
  3 ball pythons
  5 bats
  2 giant cockroaches
  7 goblins
  6 hobgoblins
  3 jackals
  3 quokkas
  3 frilled lizards
  A jackal skeleton (D:5)
  A jackal zombie (D:2)
  4 kobolds
  A quokka skeleton (D:6)
  3 rats
96 creatures vanquished.

Vanquished Creatures (others)
  5 dream sheep (D:4)
5 creatures vanquished.

Grand Total: 101 creatures vanquished

Notes
Turn   | Place    | Note
-------+----------+-------------------------------------------
     0 | D:1      | KristoblXynda the Draconian Fighter began the quest for the Orb.
     0 | D:1      | Reached XP level 1. HP: 19/19 MP: 1/1
   652 | D:1      | Reached XP level 2. HP: 26/26 MP: 2/2
   725 | D:2      | Reached skill level 3 in Long Blades
   726 | D:2      | Reached XP level 3. HP: 12/31 MP: 3/3
  1665 | D:3      | Found a faded altar of an unknown god.
  1736 | D:3      | Reached XP level 4. HP: 36/38 MP: 4/4
  1782 | D:3      | Found an ornate altar of the Wu Jian Council.
  1801 | D:3      | Reached skill level 4 in Long Blades
  2206 | D:3      | Found a shattered altar of Ashenzari.
  2267 | D:4      | Reached XP level 5. HP: 30/45 MP: 5/5
  2611 | D:4      | Noticed an ogre
  2620 | D:4      | Killed an ogre
  2620 | D:4      | Reached skill level 5 in Long Blades
  2655 | D:4      | Reached XP level 6. HP: 41/51 MP: 6/6
  3128 | D:4      | Found a shimmering altar of Xom.
  3128 | D:4      | Noticed a dream sheep
  3128 | D:4      | Noticed a dream sheep
  3128 | D:4      | Noticed a dream sheep
  3128 | D:4      | Noticed a dream sheep
  3128 | D:4      | Noticed a dream sheep
  3133 | D:4      | Killed a dream sheep
  3134 | D:4      | Killed a dream sheep
  3134 | D:4      | Killed a dream sheep
  3134 | D:4      | Killed a dream sheep
  3135 | D:4      | Killed a dream sheep
  3277 | D:4      | Found Ulaje's Elemental Accessories.
  3676 | D:5      | Entered Level 5 of the Dungeon
  3778 | D:5      | Found a shimmering altar of Xom.
  4219 | D:5      | Reached skill level 6 in Long Blades
  4219 | D:5      | Reached skill level 5 in Shields
  4267 | D:5      | Your scales start taking on a rich purple colour.
  4267 | D:5      | Reached XP level 7. HP: 50/54 MP: 5/7
  4900 | D:6      | Found a staircase to the Ecumenical Temple.
  4908 | Temple   | Entered the Ecumenical Temple
  5150 | Temple   | Became a worshipper of Cheibriados the Contemplative
  5233 | D:6      | Noticed anet's ghost (novice MfWn)
  5249 | D:6      | Killed anet's ghost
  5249 | D:6      | Reached skill level 8 in Long Blades
  5249 | D:6      | Reached XP level 8. HP: 56/60 MP: 8/8
  5492 | D:6      | Reached skill level 1 in Invocations
  5983 | D:7      | Slain by a shadow

Vault maps used:
D:1:      dpeg_arrival_snail, serial_bayou_ford_a
D:2:      serial_glass, glass_columns_a, glass_columns_c, minmay_cupped
D:3:      overflow_temple_1_default, lemuel_round_altar,
          chequers_ecumenical_altar_simple_redux
D:4:      kb_xom_exploding_sheep, first_bread, nicolae_elemental_shop
D:5:      basic_altar
D:6:      temple_green
D:7:      kennysheep_spiral_hall, uniq_prince_ribbit1
Temple:   dpeg_five_rooms_temple

Skill      XL: |  1  2  3  4  5  6  7  8 |
---------------+-------------------------+-----
Long Blades    | 3 4 5 6 8 |  8.7
Shields        | 4 5 6 |  6.8
Invocations    | 2 |  2.3
Fighting       | |  3.2
Dodging        | |  2.6

Action                   |  1- 3 |  4- 6 |  7- 9 || total
-------------------------+-------+-------+-------++-------
Melee: Long sword        |   102 |   171 |   111 ||   384
       Tailslap          |     6 |    28 |    21 ||    55
 Abil: Breathe Dispellin |       |       |     1 ||     1
  Use: Potion            |     1 |     2 |     1 ||     4
       Scroll            |       |     7 |    12 ||    19
 Stab: Sleeping          |     1 |     1 |       ||     2
  Eat: Chunk             |     3 |     7 |     2 ||    12
       Fruit             |       |     1 |     2 ||     3
       Royal jelly       |       |       |     1 ||     1
Armor: Skin              |    46 |    41 |    61 ||   148
Dodge: Dodged            |    39 |    68 |    56 ||   163
Block: Shield            |    54 |    87 |    62 ||   203
       Rpst.: Long sword |    11 |    18 |    11 ||    40

Table legend:
 A = Spawn XP
 B = Non-spawn XP
 C = Spawn XP percentage of total XP
 D = Spawn monster count
 E = Non-spawn monster count
 F = Spawn count percentage of total count
 G = Total turns spent on level
                    A         B        C        D         E        F      G
               +---------+---------+-------+---------+---------+-------+---------
         Total |       0 |    2166 |   0.0 |       0 |      96 |   0.0 |  5983
               +---------+---------+-------+---------+---------+-------+---------
           D:1 |       0 |      12 |   0.0 |       0 |       7 |   0.0 |   688
           D:2 |       0 |      66 |   0.0 |       0 |      16 |   0.0 |   998
           D:3 |       0 |     114 |   0.0 |       0 |      24 |   0.0 |   562
           D:4 |       0 |     298 |   0.0 |       0 |      14 |   0.0 |  1428
           D:5 |       0 |     408 |   0.0 |       0 |      14 |   0.0 |   998
           D:6 |       0 |    1268 |   0.0 |       0 |      21 |   0.0 |  1017
               +---------+---------+-------+---------+---------+-------+---------
